 Dungeon Crawl Stone Soup version 0.30-a0-241-g1121274140 (webtiles) character file.

Game seed: 194349854078395332

3791 Morbidden the Destroyer (level 10, -6/49 HPs)
             Began as a Vine Stalker Conjurer on Oct 11, 2022.
             Was a Believer of Cheibriados.
             Mangled by Grum
             ... wielding a +1 halberd of flaming
              (13 damage)
             ... on level 8 of the Dungeon.
             The game lasted 00:14:08 (10065 turns).

Morbidden the Destroyer (Vine Stalker Conjurer)    Turns: 10065, Time: 00:14:08

Health: -6/49      AC:  6    Str: 23    XL:     10   Next: 16%
Magic:  0/20       EV: 13    Int: 28    God:    Cheibriados [**....]
Gold:   336        SH:  4    Dex: 18    Spells: 14/21 levels left

rFire   . . .      SeeInvis .    a - +0 eveningstar (freeze)
rCold   . . .      Faith    .    D - +0 buckler {rPois}
rNeg    . . .      Spirit   +    z - +1 troll leather armour
rPois   +          Reflect  .    (no helmet)
rElec   .          Harm     .    r - +0 cloak
rCorr   .          Rampage  .    (no gloves)
Will    +....                    (no boots)
Stlth   ++........               q - amulet of magic regeneration
HPRegen 1.88/turn                B - +6 ring of strength
MPRegen 0.57/turn                l - ring of flight

@: flying, very slow
A: fangs 3, regeneration 1, magic shield, antimagic bite, no potion heal 2
a: Renounce Religion, Bend Time


You were on level 8 of the Dungeon.
You worshipped Cheibriados.
Cheibriados was pleased with you.
You visited 2 branches of the dungeon, and saw 9 of its levels.
You also visited: Ossuary.

You collected 463 gold pieces.
You spent 127 gold pieces at shops.

Inventory:

Hand Weapons
 a - a +0 eveningstar of freezing (weapon)
Missiles
 f - a throwing net
 h - 5 curare-tipped darts
 i - 4 boomerangs (quivered)
Armour
 r - a +0 cloak (worn)
 s - a +2 leather armour of fire resistance
 z - a +1 troll leather armour (worn)
 D - a +0 buckler of poison resistance (worn)
Jewellery
 b - an amulet of reflection
 c - a ring of resist corrosion
 l - a ring of flight (right hand)
 q - an amulet of magic regeneration (around neck)
 B - a +6 ring of strength (left hand)
Wands
 m - a wand of roots (1)
 t - a wand of flame (17)
Scrolls
 d - 5 scrolls of teleportation
 e - a scroll of magic mapping
 g - a scroll of enchant weapon
 j - 3 scrolls of identify
 x - a scroll of enchant armour
 y - 2 scrolls of brand weapon {unknown}
 A - 2 scrolls of butterflies {unknown}
Potions
 k - 2 potions of haste {unknown}
 n - 3 potions of brilliance {unknown}
 o - a potion of ambrosia {unknown}
 p - 3 potions of lignification {unknown}
 u - a potion of heal wounds {unknown}
 v - 7 potions of curing
 w - 2 potions of might {unknown}
 C - 2 potions of attraction {unknown}


   Skills:
 * Level 3.9 Fighting
 + Level 1.2 Short Blades
 + Level 0.2(0.8) Long Blades
 * Level 4.0 Maces & Flails
 + Level 0.3 Throwing
 + Level 2.6 Armour
 * Level 3.8 Dodging
 + Level 3.5 Stealth
 * Level 0.6 Shields
 + Level 2.3 Unarmed Combat
 * Level 6.4 Spellcasting
 * Level 8.0 Conjurations
 * Level 4.1 Translocations
 * Level 1.4 Invocations
 * Level 2.3 Evocations


You had 14 spell levels left.
You knew the following spells:

 Your Spells              Type           Power      Damage    Failure   Level
a - Magic Dart            Conj           100%       1d8       1%          1
b - Searing Ray           Conj           100%       2d8       1%          2
z - Iskenderun's Mystic   Conj/Tloc      43%        2d10      8%          4

Your spell library contained the following spells:

 Spells                   Type           Power      Damage    Failure   Level
 Dazzling Flash           Conj/Hex       62%        N/A       5%          3
 Fulminant Prism          Conj/Hex       15%        3d11      17%         4
 Ozocubu's Armour         Ice            8%         N/A       26%         3
 Metabolic Englaciation   Hex/Ice        4%         N/A       94%         5
 Starburst                Conj/Fire      15%        6d6       95%         6
 Simulacrum               Ice/Necr       4%         N/A       100%        6


Dungeon Overview and Level Annotations

Branches:
Dungeon (8/15)             Temple (1/1) D:7         Ossuary (visited)
   Lair: D:8-11

Altars:
Ashenzari
Cheibriados
Dithmenos
Elyvilon
Hepliaklqana
Kikubaaqudgha
Makhleb
Nemelex Xobeh
Okawaru
Qazlal
Trog
Vehumet
Wu Jian
Xom
Yredelemnul
The Shining One

Shops:
D:3 [   D:8 *

Annotations:
D:7 exclusion: 2 doors
D:8 1 runed translucent door, Grum; kthxbai's ghost, journeyman FoFi


Innate Abilities, Weirdness & Mutations

You have razor-sharp teeth.
Your natural rate of healing is unusually fast.
When hurt, damage is shared between your health and your magic reserves.
Your bite disrupts and absorbs the magic of your enemies.
Potions cannot restore your health.


Message History

Grum burns you.
Unknown command.
You hit Grum. You freeze Grum.
Grum is moderately wounded.
Grum closely misses you.
Unknown command.
You hit Grum. You freeze Grum. You bite Grum, but do no damage.
Grum is heavily wounded.
Grum hits you with a +1 halberd of flaming!!
Grum burns you.
Grum hits you with a +1 halberd of flaming!!
* * * LOW HITPOINT WARNING * * *
Grum burns you!
* * * LOW HITPOINT WARNING * * *
Unknown command.
Okay, then.
Okay, then.
Unknown command.
Unknown command.
You barely miss Grum. You bite Grum. You drain his power.
You feel invigorated.
Grum is heavily wounded.
Grum hits you with a +1 halberd of flaming.
* * * LOW HITPOINT WARNING * * *
Grum burns you.
Unknown command.
Unknown command.
Unknown command.
You puncture Grum! You freeze Grum.
Grum is almost dead.
Grum closely misses you.
Unknown command.
Unknown command.
Okay, then.
Okay, then.
As you read the scroll labelled UFATULL XECEE, it crumbles to dust.
It is a scroll of enchant armour.
Your +0 troll leather armour glows green for a moment.
Grum points his finger and grunts, "Attack!"
Grum hits you with a +1 halberd of flaming!!
You die...

#.######.#
##.######.######
#..............#
##...#.###.####.# ###
#..........# #.# #..
######.....###.# #.#
#.# ........#### #.#
#.# #.#
######..######.# #.#
#.#
#.ohg@....####.#####..
##'#######.........###
#... #.###.###.#
#..... #.#.....#.#
#...h.h. #.#..###..###
#....g....###...##
##.#..
+....h....+.....#
#....
#.........###...##
##.#.# ###..###.##.#


You could see Grum, a wolf and an orc.

Vanquished Creatures
  Joseph (D:7)
  A troll (D:7)
  A wyvern (D:7)
  2 water moccasins
  A black bear (D:8)
  A centaur (D:5)
  3 wolves (D:8)
  A phantom (D:5)
  An elf zombie (Ossuary)
  Blork the orc (D:5)
  3 bullfrogs
  A necrophage (D:6)
  10 scorpions
  4 wights (D:6)
  6 killer bees (D:8)
  A vampire bat (D:4)
  2 centaur zombies (Ossuary)
  8 hounds
  2 human zombies (Ossuary)
  An orc priest (D:5)
  An iron imp (D:3)
  3 iguanas
  4 orc wizards
  2 mummies (Ossuary)
  7 adders
  7 gnolls
  A shadow imp (D:7)
  3 white imps
  3 adder zombies (Ossuary)
  3 worms
  3 dart slugs
  16 orcs
  20 bats
  2 bat skeletons (D:4)
  3 bat zombies (D:4)
  7 endoplasms
  5 giant cockroaches
  7 goblins
  7 hobgoblins
  9 jackals
  A kobold (D:2)
  2 quokkas
  7 ball pythons
  6 frilled lizards
  11 hobgoblin zombies (Ossuary)
  A jackal zombie (Ossuary)
  6 kobold zombies (Ossuary)
  8 orc zombies (Ossuary)
  2 rats
  2 rat zombies (Ossuary)
210 creatures vanquished.

Vanquished Creatures (collateral kills)
  A goblin (D:2)
1 creature vanquished.

Vanquished Creatures (others)
  14 fungi (D:5)
  A plant (D:7)
15 creatures vanquished.

Grand Total: 226 creatures vanquished

Notes
Turn   | Place    | Note
-------+----------+-------------------------------------------
     0 | D:1      | Morbidden the Vine Stalker Conjurer began the quest for the
                  | Orb.
     0 | D:1      | Reached XP level 1. HP: 9/9 MP: 4/4
   164 | D:1      | Reached XP level 2. HP: 14/14 MP: 3/6
   631 | D:1      | Reached XP level 3. HP: 17/17 MP: 4/7
   957 | D:1      | Learned a level 2 spell: Searing Ray
  1177 | D:2      | You fall into a shaft and drop 2 floors!
  1269 | D:4      | Found a broken altar of Ashenzari.
  1285 | D:4      | Found a basalt altar of Yredelemnul.
  1428 | D:4      | Reached skill level 1 in Fighting
  1428 | D:4      | Reached skill level 5 in Conjurations
  1428 | D:4      | Gained mutation: Your natural rate of healing is unusually
                  | fast. [Vine Stalker growth]
  1428 | D:4      | Reached XP level 4. HP: 22/22 MP: 2/8
  2405 | D:4      | Found an ancient bone altar of Kikubaaqudgha.
  2416 | D:4      | Reached skill level 1 in Unarmed Combat
  2416 | D:4      | Reached XP level 5. HP: 25/25 MP: 2/10
  2553 | D:5      | Entered Level 5 of the Dungeon
  2831 | D:5      | Noticed a centaur
  2841 | D:5      | Killed a centaur
  2842 | D:5      | Reached XP level 6. HP: 14/30 MP: 3/12
  3289 | D:5      | Reached XP level 7. HP: 34/34 MP: 10/14
  3343 | D:5      | Reached skill level 6 in Conjurations
  3343 | D:5      | Reached skill level 1 in Evocations
  3707 | D:5      | Learned a level 4 spell: Iskenderun's Mystic Blast
  3930 | D:6      | Gained mutation: You have razor-sharp teeth. [Vine Stalker
                  | growth]
  3930 | D:6      | Reached XP level 8. HP: 20/39 MP: 7/16
  3986 | D:6      | Found a burning altar of Makhleb.
  4076 | D:6      | Reached skill level 1 in Translocations
  4187 | D:6      | Noticed Blork the orc
  4202 | D:5      | Killed Blork the orc
  4203 | D:5      | Reached skill level 5 in Spellcasting
  4343 | D:5      | Reached skill level 1 in Armour
  4704 | D:6      | Found a shadowy altar of Dithmenos.
  4752 | D:6      | Reached skill level 7 in Conjurations
  4821 | D:6      | Reached skill level 1 in Maces & Flails
  5691 | D:7      | Reached XP level 9. HP: 43/43 MP: 14/18
  5753 | D:7      | Noticed a troll
  5769 | D:7      | Killed a troll
  5912 | D:7      | Noticed Joseph
  5927 | D:7      | Killed Joseph
  5928 | D:7      | Reached skill level 1 in Short Blades
  6040 | D:7      | Found a staircase to the Ecumenical Temple.
  6065 | Temple   | Entered the Ecumenical Temple
  6841 | D:3      | Found a faded altar of an unknown god.
  6876 | D:3      | Found Vaiberer's Antique Armour Emporium.
  7306 | D:3      | Found a snail-covered altar of Cheibriados.
  7328 | D:3      | Became a worshipper of Cheibriados the Contemplative
  8844 | D:8      | Found a runed translucent door.
  8844 | D:8      | Noticed kthxbai's ghost (journeyman FoFi)
  8848 | D:8      | Found a sand-covered staircase.
  8859 | Ossuary  | Entered an ossuary
  8874 | Ossuary  | Reached * piety under Cheibriados
  9067 | Ossuary  | Reached ** piety under Cheibriados
  9493 | D:8      | Found an ornate altar of the Wu Jian Council.
  9541 | D:8      | Found Meust's Serpentskin Sales.
  9551 | D:8      | Reached skill level 1 in Invocations
  9564 | D:8      | Bought a +0 buckler of poison resistance for 127 gold
                  | pieces
  9597 | D:8      | Reached XP level 10. HP: 26/49 MP: 10/20
  9601 | D:8      | Reached skill level 8 in Conjurations
  9725 | D:8      | Noticed Grum
 10062 | D:8      | HP: 2/49 [Grum/+1 halberd of flaming (5)]
 10065 | D:8      | Mangled by Grum

Illustrated notes

Levels and vault maps discovered:
D:1:      dpeg_arrival_prison, layout_basic
D:2:      layout_loops_ring, dreamdust_princess_bridge, minmay_misc_feat_cross
D:3:      layout_rooms, slow_altar_2, serial_shops, shop,
          ebering_ecumenical_altar_rust, grunt_ministairs_15,
          minmay_statues_item
D:4:      layout_basic, mainiacjoe_overflow_swirl, kennysheep_vampire_church
D:5:      old_forge, layout_basic
D:6:      layout_basic, nicolae_dithmenos_shadow_blocks, bloody_makhleb,
          uniq_blork_the_orc
D:7:      cheibrodos_two_vegetables, layout_loops_corners,
          minmay_temple_entry_nine_rooms, uniq_joseph
D:8:      layout_loops_corners, nzn_wu_jian_contemplation,
          nicolae_ossuary_entry_monument, gammafunk_ghost_grave, chequers_jeans,
          guppyfry_shop_venom, uniq_grum, uniq_psyche
Temple:   chequers_temple_sunken

Skill      XL: |  1  2  3  4  5  6  7  8  9 10 |
---------------+-------------------------------+-----
Fighting       | 1 2 3 |  3.9
Conjurations   | 5 6 7 8 |  8.0
Unarmed Combat | 1 2 |  2.3
Spellcasting   | 3 4 5 6 |  6.4
Dodging        | 2 3 |  3.8
Evocations     | 1 2 |  2.3
Stealth        | 3 |  3.5
Translocations | 2 4 |  4.1
Armour         | 1 2 |  2.6
Maces & Flails | 1 3 4 |  4.0
Short Blades   | 1 |  1.2
Invocations    | 1 |  1.4
Long Blades    | |  0.2
Throwing       | |  0.3
Shields        | |  0.6

Action                   |  1- 3 |  4- 6 |  7- 9 | 10-12 || total
-------------------------+-------+-------+-------+-------++-------
Melee: Unarmed           |     5 |       |       |       ||     5
       Bite              |     2 |     3 |    74 |    15 ||    94
       Dagger            |     4 |    10 |   129 |       ||   143
       Eveningstar       |       |       |   163 |    49 ||   212
       Punch             |       |       |     4 |       ||     4
Throw: Boomerang         |     4 |       |     8 |       ||    12
       Dart              |       |       |     6 |       ||     6
 Cast: Magic Dart        |    49 |    60 |    95 |       ||   204
       Searing Ray       |     2 |     8 |    32 |       ||    42
Evoke: Wand              |       |     1 |     6 |       ||     7
  Use: Scroll            |       |       |    10 |     1 ||    11
       Potion            |       |       |     1 |       ||     1
 Stab: Sleeping          |     1 |     1 |     9 |       ||    11
Armor: Robe              |     2 |    10 |     4 |       ||    16
       Leather armour    |       |       |    23 |       ||    23
       Troll leather arm |       |       |   129 |    14 ||   143
Dodge: Dodged            |     9 |    24 |   313 |    63 ||   409
Block: Buckler           |       |       |     4 |    17 ||    21

Table legend: (Time is in decaauts)
 A = Elapsed time spent in this place.
 B = Non-inter-level travel time spent in this place.
 C = Inter-level travel time spent in this place.
 D = Time resting spent in this place.
 E = Time spent auto-exploring this place.
 F = Levels seen in this place.
 G = Mean time per level.
                   A        B        C        D        E       F      G
               +--------+--------+--------+--------+--------+-----+--------+
         Total |  10878 |  10326 |    552 |    786 |   7706 |  10 | 1087.8 |
       Dungeon |   9696 |   9161 |    535 |    786 |   6899 |   8 | 1212.0 |
        Temple |    556 |    539 |     17 |      0 |    511 |   1 |  556.0 |
       Ossuary |    625 |    625 |      0 |      0 |    296 |   1 |  625.0 |
               +--------+--------+--------+--------+--------+-----+--------+

Top non-repeatable levels by time:
     D:5: 2158 daAuts
     D:4: 1402 daAuts
     D:6: 1231 daAuts
     D:1: 1176 daAuts
     D:8: 1151 daAuts
     D:7: 1103 daAuts
     D:2: 952 daAuts
 Ossuary: 625 daAuts
  Temple: 556 daAuts
     D:3: 520 daAuts
